 Dungeon Crawl Stone Soup version 0.31-a0-981-geadf994542 (webtiles) character file.

Game seed: 8932712228149246342

3 Persephone the Trooper (level 1, -3/19 HPs)
             Began as a Hill Orc Fighter on Oct 31, 2023.
             Slain by a gnoll
             ... wielding a +0 flail
              (8 damage)
             ... on level 1 of the Dungeon.
             The game lasted 00:00:16 (89 turns).

Persephone the Trooper (Hill Orc Fighter)             Turns: 89, Time: 00:00:16

Health: -3/19      AC:  6    Str: 18    XL:     1   Next: 50%
Magic:  1/1        EV:  9    Int:  8    God:
Gold:   0          SH:  4    Dex: 10    Spells: 0/0 levels left

rFire   . . .        a - +0 war axe
rCold   . . .        c - +0 buckler
rNeg    . . .        b - +0 scale mail
rPois   .            (no helmet)
rElec   .            (no cloak)
rCorr   .            (no gloves)
SInv    .            (no boots)
Will    +....        (no amulet) Stlth
                     e - ring of willpower
HPRegen 0.23/turn    (no ring)
MPRegen 0.07/turn

%: no passive effects
@: mighty
A: no striking features
a: no special abilities


You were on level 1 of the Dungeon.
You visited 1 branch of the dungeon, and saw 1 of its levels.

Inventory:

Hand Weapons
 a - a +0 war axe (weapon)
Armour
 b - a +0 scale mail (worn)
 c - a +0 buckler (worn)
Jewellery
 e - a ring of willpower (left hand)


   Skills:
 - Level 3.6 Fighting
 + Level 3.1 Axes
 - Level 3.2 Armour
 - Level 3.2 Shields


You couldn't memorise any spells.
You didn't know any spells.
Your spell library was empty.

Dungeon Overview and Level Annotations

Branches:
Dungeon (1/15)

Altars:


Message History

e - a ring of willpower (left hand)
You see here a frilled lizard corpse.
Key pressed, stopping explore.
A gnoll comes into view. It is wielding a +0 flail.
The gnoll shouts!
Autokill stopped.
More than one enemy in view A gnoll is nearby!
You barely miss the gnoll. The gnoll closely misses you.
You hit the gnoll but do no damage.
An endoplasm comes into view.
You block the gnoll's attack. The gnoll hits you with a +0 flail.
You barely miss the gnoll. The gnoll barely misses you.
You barely miss the gnoll. You hit the endoplasm. The endoplasm freezes you.
You are frozen.
The gnoll hits you with a +0 flail.
You are too injured to fight recklessly!
You are too injured to fight recklessly!
You are too injured to fight recklessly!
You are too injured to fight recklessly!
You are too injured to fight recklessly!
You are too injured to fight recklessly!
There are monsters nearby!
You barely miss the gnoll. You hit the endoplasm but do no damage.
The endoplasm barely misses you. You block the gnoll's attack.
The endoplasm hits you but does no damage.
The gnoll hits you with a +0 flail.
* * * LOW HITPOINT WARNING * * *
You hit the gnoll but do no damage. You hit the endoplasm but do no damage.
The endoplasm closely misses you. The gnoll closely misses you.
You feel very mighty all of a sudden. You block the endoplasm's attack.
The gnoll barely misses you.
You slash the gnoll!
The gnoll is almost dead.
You hit the endoplasm.
You kill the endoplasm!
The gnoll hits you but does no damage.
You barely miss the gnoll.
The gnoll is almost dead.
The gnoll hits you with a +0 flail!
You die...

..... #.#.# #.#.# P
.# ##.#.#.♣ ..♣ ♣.#
....#.♣♣PP ♣ ♣..#
#.#.#....P♣P♣..#
.#.####.#.#.♣..P♣♣..#
......g@.....♣♣♣♣#.#
.#..#...#.#.#......#
♣.P♣♣.#.#.#.##†P.##
P. ♣♣.....#.#.P.P.#
♣.PP.........P♣♣P.###
♣P..........PPP♣....#
♣♣♣♣♣.#.#####P♣.P.###
###.# #.PP.# #.#
###..#


You could see a gnoll.

Vanquished Creatures
  An endoplasm (D:1)
  A hobgoblin (D:1)
  A frilled lizard (D:1)
3 creatures vanquished.

Notes
Turn   | Place    | Note
-------+----------+-------------------------------------------
     0 | D:1      | Persephone the Hill Orc Fighter began the quest for the
                  | Orb.
     0 | D:1      | Reached XP level 1. HP: 19/19 MP: 1/1
    89 | D:1      | Slain by a gnoll

Illustrated notes

Levels and vault maps discovered:
D:1:      lightli_arrival_statue_moat, layout_basic, serial_forest,
          infiniplex_forest_3_way, infiniplex_forest_straight_2,
          infiniplex_forest_lined_2, infiniplex_forest_lined_3_way,
          infiniplex_forest_clump_small, infiniplex_forest_straight_4,
          infiniplex_forest_clump_medium, infiniplex_forest_end_double,
          infiniplex_forest_corner_1, infiniplex_forest_diagonal

Skill      XL: |  1 |
---------------+----+-----
Axes           | 3 |  3.1
Fighting       | |  3.6
Armour         | |  3.2
Shields        | |  3.2

Action                     || total
---------------------------++-------
  Melee: War axe           ||    10
    Use: Potion            ||     1
 Armour: Scale mail        ||     6
  Dodge: Dodged            ||     6
  Block: Buckler           ||     3

Table legend: (Time is in decaauts)
 A = Elapsed time spent in this place.
 B = Non-inter-level travel time spent in this place.
 C = Inter-level travel time spent in this place.
 D = Time resting spent in this place.
 E = Time spent auto-exploring this place.
 F = Levels seen in this place.
 G = Mean time per level.
                   A        B        C        D        E       F      G
               +--------+--------+--------+--------+--------+-----+--------+
         Total |     91 |     91 |      0 |      0 |     71 |   1 |   91.0 |
       Dungeon |     91 |     91 |      0 |      0 |     71 |   1 |   91.0 |
               +--------+--------+--------+--------+--------+-----+--------+

Top non-repeatable levels by time:
     D:1: 91 daAuts
